 Dungeon Crawl Stone Soup version 0.25-a0-1133-g93ebf739aa (webtiles) character file.

Game seed: 15370229143889976647, levelgen mode: deterministic

13354 MisterFreud the Cleaver (level 12, 0/88 HPs)
             Began as a Formicid Abyssal Knight on May 21, 2020.
             Was a Priest of Lugonu.
             Slain by a yak (10 damage)
             ... on level 2 of the Lair of Beasts on May 22, 2020.
             The game lasted 00:34:19 (17575 turns).

MisterFreud the Cleaver (Formicid Abyssal Knight)  Turns: 17575, Time: 00:34:20

Health: 0/88       AC: 20    Str: 21    XL:     12   Next: 31%
Magic:  14/19      EV:  6    Int: 13    God:    Lugonu [***...]
Gold:   500        SH: 12    Dex: 10    Spells: 11/11 levels left

rFire    . . .     SeeInvis +   x - +3 short sword (protect)
rCold    . . .     Gourm    .   m - +0 kite shield
rNeg     . . .     Faith    .   n - +0 plate armour
rPois    +         Spirit   .   (helmet unavailable)
rElec    .         Reflect  .   (no cloak)
rCorr    .         Harm     .   s - +0 pair of gloves
MR       ++...                  (no boots)
Stlth    ..........             f - amulet of the acrobat
HPRegen  0.24/turn              o - ring of protection from magic
MPRegen  0.16/turn              H - ring of poison resistance

@: protection aura
A: permanent stasis, dig shafts and tunnels, four strong arms, antennae 3
a: Dig, Shaft Self, Depart the Abyss, Bend Space, Banish, Renounce Religion


You were on level 2 of the Lair of Beasts.
You worshipped Lugonu.
Lugonu was most pleased with you.
You were near starving.

You visited 2 branches of the dungeon, and saw 14 of its levels.
You visited the Abyss 1 time.

You collected 500 gold pieces.

Inventory:

Hand Weapons
 x - a +3 short sword of protection (weapon)
 C - a +0 battleaxe
 D - a +2 short sword of draining
 J - a +1 dagger of electrocution
Missiles
 h - 248 stones
 u - 77 poisoned darts (quivered)
 w - 126 arrows
 y - 30 sling bullets
 G - 9 boomerangs
 I - 45 bolts
 N - 6 datura-tipped darts
Armour
 b - a +0 leather armour
 i - a +0 ring mail
 m - a +0 kite shield (worn)
 n - a +0 plate armour (worn)
 s - a +0 pair of gloves (worn)
Jewellery
 f - an amulet of the acrobat (around neck)
 o - a ring of protection from magic (left hand)
 z - an uncursed ring of stealth
 H - a ring of poison resistance (right hand)
Wands
 B - a wand of flame (36)
Scrolls
 d - a scroll of immolation
 e - 3 scrolls of amnesia
 g - a scroll of fog
 j - a scroll of enchant armour {unknown}
 l - 5 scrolls of fear
 q - 5 scrolls of remove curse
 r - 2 scrolls of teleportation
 v - 3 scrolls of enchant weapon
 F - a scroll of random uselessness {unknown}
 L - a scroll of blinking {unknown}
 M - 2 scrolls of identify
Potions
 k - 2 potions of haste
 p - 2 potions of mutation
 t - a potion of degeneration
 A - 3 potions of flight
 E - a potion of lignification
Miscellaneous
 K - a tin of tremorstones (3/3)
Comestibles
 c - 20 rations


   Skills:
 - Level 6.0 Fighting
 * Level 13.2 Axes
 - Level 6.0 Armour
 - Level 0.8 Dodging
 - Level 10.0 Shields
 - Level 10.0 Invocations


You had 11 spell levels left.
You didn't know any spells.
Your spell library contained the following spells:

 Spells                   Type           Power        Failure   Level  Hunger
 Bolt of Magma            Conj/Fire/Erth #.........   100%        5    ######.
 Iskenderun's Battlesphe  Conj/Chrm      #.......     100%        5    ######.
 Iron Shot                Conj/Erth      #.........   100%        6    #######
 Orb of Destruction       Conj           #.........   100%        7    #######
 Spellforged Servitor     Conj/Summ      #.........   100%        7    #######


Dungeon Overview and Level Annotations

Branches:
Dungeon (10/15)            Temple (0/1) D:6            Lair (4/6) D:8
 Shoals (0/4) Lair:3
  Snake: Lair:2-4    Spider: Lair:2-4       Orc: D:9-12

Altars:
Dithmenos
Elyvilon
Fedhas
Okawaru
Qazlal
Ru
Uskayaw
Vehumet
Xom
The Shining One

Annotations:
D:3 1 runed translucent door, Prakerore's ghost, weakling VSEn
Lair:1 2 transporters


Innate Abilities, Weirdness & Mutations

You cannot be hasted, slowed, berserked, paralysed or teleported.
You can dig through walls and to a lower floor.
Your four strong arms can wield two-handed weapons with a shield.
You have a pair of large antennae on your head. (SInv)


Message History

There is an escape hatch in the ceiling here.
The yak gores you but does no damage. A mysterious force pulls you upwards.
The hatch slams shut behind you.
You hit the yak.
Your weapon exudes an aura of protection.
The yak is severely wounded.
The yak gores you but does no damage.
You hit the yak but do no damage.
The yak is severely wounded.
You block the yak's attack.
You hit the yak.
The yak is severely wounded.
The yak gores you but does no damage.
You hit the yak.
The yak is severely wounded.
The yak completely misses you.
Your plate armour prevents you from hitting the yak.
The yak is severely wounded.
The yak gores you!
You die...

# ##............# #
#.............#
##............#
#.....>.......##
####.............P#
..###............##
..#.#.............#
#.รท..............P#
##..#..........Y@##
####.##.####P##P#
###### ######


You could see a yak.

Vanquished Creatures
  A hydra (Lair:1)
  2 black mambas
  A spiny frog (Lair:1)
  A rime drake (Lair:1)
  A komodo dragon (Lair:1)
  Grinder (D:3)
  4 blink frogs (Lair:2)
  2 hippogriffs
  A spriggan (D:7)
  2 basilisks (D:8)
  7 yaks
  3 hungry ghosts
  Edmund (D:5)
  2 water moccasins
  3 ice beasts
  A porcupine (Lair:3)
  3 orc warriors
  A sky beast (D:6)
  2 black bears (D:6)
  2 ogres
  2 phantoms
  11 wolves
  3 centaurs
  A crocodile (Lair:1)
  2 big kobolds
  10 bullfrogs
  4 scorpions
  29 killer bees
  3 jellies
  3 crimson imps
  7 hounds
  5 orc priests
  A gnoll shaman (D:5)
  A bullfrog skeleton (D:6)
  2 orc wizards (D:3)
  4 worker ants
  A hound zombie (D:6)
  4 hound skeletons
  12 gnolls (D:5)
  11 adders
  2 shadow imps
  An ooze (D:4)
  3 dart slugs
  2 leopard geckos
  23 orcs
  5 giant cockroaches
  10 goblins
  6 hobgoblins
  9 jackals
  11 kobolds
  2 quokkas
  8 bats
  6 frilled lizards
  3 quokka skeletons
  A quokka zombie (D:8)
  9 rats
258 creatures vanquished.

Vanquished Creatures (others)
  A hydra (Lair:1)
  A two-headed ogre (D:8)
  A komodo dragon (Lair:1)
  A queen bee (Lair:2)
  A troll (D:10)
  A hornet (D:8)
  2 yaks
  An ice beast (D:8)
  A centaur (D:8)
  A leopard gecko (D:9)
  A bush (Lair:2)
  6 fungi
  6 plants
24 creatures vanquished.

Grand Total: 282 creatures vanquished

Notes
Turn   | Place    | Note
-------+----------+-------------------------------------------
     0 | Abyss:1  | MisterFreud the Formicid Abyssal Knight began the quest for
                  | the Orb.
     0 | Abyss:1  | Reached XP level 1. HP: 18/18 MP: 2/2
    37 | Abyss:1  | Noticed a lorocyproca
    38 | D:1      | Escaped the Abyss
   117 | D:1      | Reached * piety under Lugonu
   243 | D:1      | Reached XP level 2. HP: 23/25 MP: 3/3
   769 | D:1      | Reached skill level 1 in Shields
  1020 | D:1      | Reached XP level 3. HP: 26/30 MP: 4/4
  1197 | D:2      | Found a glowing golden altar of the Shining One.
  1358 | D:2      | Found a radiant altar of Vehumet.
  1687 | D:2      | Found a faded altar of an unknown god.
  1701 | D:2      | Reached XP level 4. HP: 25/38 MP: 5/5
  2019 | D:2      | Reached ** piety under Lugonu
  2435 | D:3      | Reached skill level 5 in Fighting
  2435 | D:3      | Reached XP level 5. HP: 35/44 MP: 6/6
  2616 | D:3      | Noticed Grinder
  2712 | D:3      | Killed Grinder
  2712 | D:3      | Reached skill level 5 in Shields
  2712 | D:3      | Reached XP level 6. HP: 33/52 MP: 7/7
  2882 | D:3      | Found a stormy altar of Qazlal.
  3146 | D:3      | Found a runed translucent door.
  3146 | D:3      | Noticed Prakerore's ghost (weakling VSEn)
  3146 | D:3      | Noticed an orc warrior
  3306 | D:3      | Reached XP level 7. HP: 58/58 MP: 8/8
  4053 | D:4      | Found a shadowy altar of Dithmenos.
  4303 | D:4      | Reached XP level 8. HP: 51/64 MP: 9/9
  4332 | D:4      | Reached *** piety under Lugonu
  4642 | D:5      | Entered Level 5 of the Dungeon
  5077 | D:5      | Found an iron altar of Okawaru.
  5150 | D:5      | Reached skill level 5 in Armour
  5234 | D:5      | Noticed Edmund
  5284 | D:5      | Killed Edmund
  5842 | D:6      | Reached XP level 9. HP: 52/69 MP: 12/12
  6047 | D:6      | Reached skill level 5 in Invocations
  6090 | D:6      | Found a staircase to the Ecumenical Temple.
  6217 | D:6      | Found a shimmering altar of Xom.
  6221 | D:6      | Found a blossoming altar of Fedhas.
  6735 | D:6      | Reached **** piety under Lugonu
  6849 | D:6      | Found a sacrificial altar of Ru.
  6970 | D:7      | Reached skill level 10 in Shields
  7709 | D:7      | Reached skill level 3 in Axes
  7884 | D:7      | You fall into a shaft and drop 1 floor!
  7945 | D:8      | You fall into a shaft and drop 2 floors!
  7945 | D:10     | Entered Level 10 of the Dungeon
  7945 | D:10     | Noticed a troll
  7964 | D:9      | Reached skill level 4 in Axes
  7964 | D:9      | Reached XP level 10. HP: 20/76 MP: 15/15
  8329 | D:9      | Reached skill level 5 in Axes
  8377 | D:10     | Reached skill level 6 in Axes
  9086 | D:8      | HP: 3/114 [centaur (4)]
  9087 | D:8      | Reached skill level 7 in Axes
  9850 | D:8      | Noticed a two-headed ogre
  9862 | D:8      | Banished a two-headed ogre
  9862 | D:8      | Reached skill level 8 in Axes
  9862 | D:8      | Reached XP level 11. HP: 14/81 MP: 18/18
 10249 | D:8      | Reached skill level 10 in Invocations
 10408 | D:8      | Reached skill level 9 in Axes
 10463 | D:8      | Found a hide-covered altar of Uskayaw.
 10595 | D:8      | Found a white marble altar of Elyvilon.
 10597 | D:8      | Found an iron altar of Okawaru.
 10607 | D:8      | Found a staircase to the Lair.
 10978 | Lair:1   | Entered Level 1 of the Lair of Beasts
 10995 | Lair:1   | Found a transporter.
 11214 | Lair:1   | Reached skill level 10 in Axes
 11817 | Lair:1   | Noticed a seven-headed hydra
 11826 | Lair:1   | You fall into a shaft and drop 1 floor!
 12037 | Lair:1   | Found a transporter.
 12137 | Lair:1   | Killed a seven-headed hydra
 12385 | Lair:1   | Noticed a five-headed hydra
 12407 | Lair:1   | Banished a five-headed hydra
 12407 | Lair:1   | Reached skill level 11 in Axes
 14739 | Lair:2   | Reached skill level 12 in Axes
 14742 | Lair:2   | Reached XP level 12. HP: 48/88 MP: 19/19
 16877 | Lair:2   | You fall into a shaft and drop 1 floor!
 16877 | Lair:3   | Found a staircase to the Shoals.
 17120 | Lair:2   | Reached skill level 13 in Axes
 17575 | Lair:2   | Slain by a yak

Illustrated notes

Levels and vault maps discovered:
D:1:      dpeg_arrival_three_same_balls, layout_loops_ring
D:2:      kennysheep_six_static_rooms, layout_basic, vehumet_crystals,
          tso_metal_star, first_ration, chequers_ecumenical_altar_simple_redux,
          minmay_split_cup_large
D:3:      layout_basic, old_standard_altar, ebering_ghost_inner_flame,
          uniq_grinder
D:4:      layout_loops_ring, nicolae_dithmenos_the_darkroom
D:5:      layout_loops_ring, amethyst_killhole, grunt_decor_arrowhead,
          okawaru_ov_weapons_minmay, uniq_edmund
D:6:      layout_gridville, lemuel_round_altar, nicolae_ru_path_of_blood,
          xom_teletrap_fun, minmay_temple_entry_statues_pillars,
          kennysheep_generic_room_9
D:7:      layout_loops_ring, serial_shops, shop_fountains, the_bakery,
          hangedman_decor_slide_cut
D:8:      layout_loops_ring, kennysheep_little_box,
          nicolae_overflow_hidden_temple, david_lair_generic,
          minmay_misc_feat_pillars
D:9:      layout_rooms, serial_shops, shop, lemuel_flamethrower_1
D:10:     layout_loops_cross, gammafunk_ghost_cemetery, due_unseen_surprise
Lair:1:   gammafunk_cloud_chamber, layout_layer_cave, serial_bayou_shore_b
Lair:2:   layout_roguey [special_room_bee]
Lair:3:   layout_regular_city, minmay_shoals_entry_centaurs,
          minmay_lair_oklob_chamber
Lair:4:   layout_regular_city, nicolae_spider_entry_non_spiders

Skill      XL: |  1  2  3  4  5  6  7  8  9 10 11 12 |
---------------+-------------------------------------+-----
Fighting       | 4 5 6 |  6.0
Shields        | 1 2 3 5 7 8 10 | 10.0
Armour         | 4 5 6 |  6.0
Invocations    | 4 7 9 10 | 10.0
Axes           | 4 8 12 13 | 13.2
Dodging        | |  0.8

Action                   |  1- 3 |  4- 6 |  7- 9 | 10-12 || total
-------------------------+-------+-------+-------+-------++-------
Melee: Hand axe          |   157 |    24 |       |       ||   181
       Short sword       |       |   143 |   672 |   910 ||  1725
       Battleaxe         |       |       |    28 |   267 ||   295
       War axe           |       |       |    20 |       ||    20
Throw: Dart              |       |       |    23 |       ||    23
Invok: Depart the Abyss  |     1 |       |       |       ||     1
       Banish            |       |       |       |    15 ||    15
 Abil: Dig               |       |       |     3 |     1 ||     4
       Shaft Self        |       |       |     1 |     1 ||     2
Evoke: Wand              |       |       |       |    18 ||    18
  Use: Scroll            |       |       |    11 |     2 ||    13
       Potion            |       |       |     2 |     6 ||     8
  Eat: Chunk             |     3 |     5 |    19 |    21 ||    48
       Ration            |       |       |     1 |    10 ||    11
Armor: Leather armour    |    29 |       |       |       ||    29
       Ring mail         |    11 |       |       |       ||    11
       Plate armour      |    54 |    99 |   338 |   751 ||  1242
       Skin              |       |       |       |     3 ||     3
Dodge: Dodged            |    45 |    20 |   135 |   362 ||   562
Block: Kite shield       |    36 |    73 |   372 |   882 ||  1363

Table legend:
 A = Non-vault XP
 B = Vault XP
 C = Vault XP percentage of total XP
 D = Non-vault monster count
 E = Vault monster count
 F = Vault count percentage of total count
                 A         B        C        D         E       F
            +---------+---------+-------+---------+---------+-------
      Total |   15646 |    3432 |  18.0 |     224 |      44 |  16.4
            +---------+---------+-------+---------+---------+-------
        D:1 |      33 |       0 |   0.0 |      20 |       0 |   0.0
        D:2 |      34 |      29 |  46.0 |      14 |      10 |  41.7
        D:3 |     151 |     281 |  65.0 |      20 |       1 |   4.8
        D:4 |     636 |       0 |   0.0 |      22 |       0 |   0.0
        D:5 |     390 |     166 |  29.9 |      23 |       1 |   4.2
        D:6 |    1256 |       0 |   0.0 |      24 |       0 |   0.0
        D:7 |     580 |     220 |  27.5 |      13 |       1 |   7.1
        D:8 |    2627 |     851 |  24.5 |      35 |       4 |  10.3
        D:9 |     759 |       0 |   0.0 |      10 |       0 |   0.0
       D:10 |    1362 |       0 |   0.0 |       9 |       0 |   0.0
     Lair:1 |    4221 |       0 |   0.0 |      13 |       0 |   0.0
     Lair:2 |    2821 |    1635 |  36.7 |      15 |      25 |  62.5
     Lair:3 |     546 |     250 |  31.4 |       4 |       2 |  33.3
     Lair:4 |     230 |       0 |   0.0 |       2 |       0 |   0.0
            +---------+---------+-------+---------+---------+-------
